 Dungeon Sprint DCSS version 0.18-a0-1171-ga8e22e7 (console) character file.

408 sorlin the Unseen (level 6, 0/28 HPs)
             Began as a Spriggan Enchanter on Jan 27, 2016.
             Slain by a spatial vortex (4 damage)
             ... in the Dungeon (Sprint III: "The Ten Rune Challenge").
             The game lasted 00:04:31 (888 turns).

sorlin the Unseen (Spriggan Enchanter)               Turns: 888, Time: 00:04:33

Health: 0/28       AC:  3    Str:  4    XL:     6   Next: 57%
Magic:  19/19      EV: 22    Int: 19    God:
Gold:   34         SH:  0    Dex: 16    Spells: 5 memorised, 12 levels left

rFire  . . .     SeeInvis +     a - +1 dagger (venom)
rCold  . . .     Gourm    .     i - +1 robe
rNeg   . . .     Faith    .     (shield restricted)
rPois  .         Spirit   .     (helmet restricted)
rElec  .         Dismiss  .     (no cloak)
rCorr  .         Reflect  .     (gloves unavailable)
SustAt .         Harm     .     (boots unavailable)
MR     +....     NoTele   +     (no amulet)
Stlth  +++++++...               (no ring)
                                (no ring)

@: very quick, somewhat resistant to hostile enchantments, extremely stealthy
A: unfitting armour, see invisible, herbivore 3, speed 3, slow metabolism 2
a: no special abilities


You were in the Dungeon.
You were not hungry.

You visited 1 branch You collected 34 gold pieces.

Inventory:

Hand Weapons
 a - a +1 dagger of venom (weapon)
Armour
 i - a +1 robe (worn)
Scrolls
 j - a scroll of blinking
 l - 3 scrolls of immolation
 n - 3 scrolls of remove curse
 q - a scroll of holy word
Potions
 e - a potion of curing
 f - a potion of heal wounds
 g - 2 potions of haste
 h - 2 potions of magic
 k - 2 potions of mutation {unknown}
 p - a potion of cure mutation
 r - 3 potions of agility
Books
 c - a book of Maledictions

   Spells                             Type                      Level
   a - Corona                         Hexes                        1
   b - Ensorcelled Hibernation        Hexes/Ice                    2
   c - Confuse                        Hexes                        3
   d - Tukima's Dance                 Hexes                        3
   e - Dazzling Spray                 Conjuration/Hexes            3
Comestibles
 d - a bread ration
 o - 3 royal jellies


   Skills:
 - Level 1.1 Short Blades
 + Level 7.3 Dodging
 * Level 15.1 Stealth
 * Level 9.5 Spellcasting
 - Level 6.8 Hexes


You had 12 spell levels left.
You knew the following spells:

 Your Spells              Type           Power        Failure   Level  Hunger
a - Corona                Hex            ####...      1%          1    None
b - Confuse               Hex            ####....     1%          3    None
c - Ensorcelled Hibernat  Hex/Ice        ###...       3%          2    None
d - Dazzling Spray        Conj/Hex       ###.....     8%          3    None
e - Tukima's Dance        Hex            ####....     1%          3    None


Dungeon Overview and Level Annotations

Branches:
Dungeon (1/1)

Altars:
Cheibriados
Dithmenos
Fedhas
Gozag
Makhleb
Nemelex Xobeh
Pakellas
Qazlal
Ru
Xom
Yredelemnul
Jiyva
Lugonu


Innate Abilities, Weirdness & Mutations

You are tiny and cannot use many weapons and most armour.
You have supernaturally acute eyesight.
You are a herbivore.
You cover ground extremely quickly.
You need consume almost no food.


Message History

There is an open door here.
HP restored.
There is an open door here.
You open the door.
Found five altars.
A spatial vortex comes into view.
Found a crystal ball of energy.
Found five altars.
There is an open door here.
There is a sacrificial altar of Ru here.
There is a shimmering altar of Xom here.
There is a sparkling altar of Nemelex Xobeh here.
You see here a crystal ball of energy.
The helpless spatial vortex fails to defend itself.
You stick the spatial vortex like a pincushion!!!
The spatial vortex is almost destroyed.
The spatial vortex hits you!!
Ouch! That really hurt!
* * * LOW HITPOINT WARNING * * *
Space bends around you.
You die...

▓▓ ▓▓▓ .#### ##.# ####
....#####..# #__#
.....#..#..# #._#
##...#..#..###+#+###'##
###..##'#..#..........#
.##..###...'.⌠........#
##..####...#...######'#
##..###....#.⌠.#v_#...#
#[..##.....#...#@_#...#
....#......#+###__#...#
..##.#.....# #__#...+
..#####....# #__'...#
▓▓▓ ▓▓▓▓▓▓ ▓▓▓▓▓▓▓▓


You could see a spatial vortex.

Vanquished Creatures
  A shadow (D)
  A necrophage (D)
  A water elemental (D)
  A jelly (D)
  Jessica (D)
  A necromancer (D)
  A human (D)
  2 oozes (D)
  A phantom (D)
  A rat (D)
11 creatures vanquished.

Vanquished Creatures (others)
  2 draconian scorchers (D)
  2 yaktaurs (D)
4 creatures vanquished.

Grand Total: 15 creatures vanquished

Notes
Turn   | Place    | Note
--------------------------------------------------------------
     0 | D        | sorlin the Spriggan Enchanter began the quest for the Orb.
     0 | D        | Reached XP level 1. HP: 9/9 MP: 5/5
    18 | D        | Reached skill level 7 in Stealth
    21 | D        | Reached skill level 8 in Stealth
    21 | D        | Reached XP level 2. HP: 13/13 MP: 4/6
    37 | D        | Noticed Jessica
    43 | D        | Killed Jessica
    43 | D        | Reached skill level 10 in Stealth
    43 | D        | Reached XP level 3. HP: 16/16 MP: 8/8
    74 | D        | Reached skill level 11 in Stealth
    75 | D        | Killed a yaktaur
    99 | D        | Learned a level 3 spell: Confuse
   102 | D        | Learned a level 2 spell: Ensorcelled Hibernation
   103 | D        | Noticed a water elemental
   233 | D        | Killed a white draconian scorcher
   304 | D        | Killed a white draconian scorcher
   364 | D        | Killed a water elemental
   364 | D        | Reached XP level 4. HP: 11/21 MP: 8/11
   394 | D        | Killed a yaktaur
   551 | D        | Noticed a shadow
   663 | D        | Killed a shadow
   663 | D        | Reached skill level 5 in Dodging
   663 | D        | Reached skill level 13 in Stealth
   663 | D        | Reached XP level 5. HP: 13/24 MP: 2/16
   663 | D        | Reached XP level 6. HP: 15/28 MP: 2/17
   835 | D        | Reached skill level 14 in Stealth
   852 | D        | Learned a level 3 spell: Dazzling Spray
   856 | D        | Learned a level 3 spell: Tukima's Dance
   863 | D        | Found a snail-covered altar of Cheibriados.
   864 | D        | Found a basalt altar of Yredelemnul.
   864 | D        | Found a blossoming altar of Fedhas.
   866 | D        | Reached skill level 15 in Stealth
   883 | D        | Found an oddly glowing altar of Pakellas.
   883 | D        | Found a stormy altar of Qazlal.
   883 | D        | Found a sacrificial altar of Ru.
   883 | D        | Found a burning altar of Makhleb.
   883 | D        | Found a shimmering altar of Xom.
   884 | D        | Found a viscous altar of Jiyva.
   884 | D        | Found a shadowy altar of Dithmenos.
   884 | D        | Found a sparkling altar of Nemelex Xobeh.
   884 | D        | Found a corrupted altar of Lugonu.
   884 | D        | Found an opulent altar of Gozag.
   884 | D        | Noticed a spatial vortex
   888 | D        | Slain by a spatial vortex

Vault maps used:
D:        dungeon_sprint_mu

Action                   |  1- 3 |  4- 6 || total
-------------------------+-------+-------++-------
Melee: Dagger            |    26 |    13 ||    39
 Cast: Corona            |     1 |       ||     1
       Confuse           |       |     7 ||     7
  Use: Scroll            |     4 |       ||     4
       Potion            |     1 |       ||     1
 Stab: Sleeping          |     5 |     3 ||     8
       Confused          |       |     2 ||     2
